% Time on Ice - SAN DIEGO THUNDER
Lines # - Real PCT - Wanted PCT - Time Play
Normal Forward
1 - 34% - 36% - 15:03
2 - 29% - 31% - 12:49
3 - 20% - 23% - 8:56
4 - 17% - 10% - 7:20
Normal Defense
1 - 34% - 38% - 15:10
2 - 31% - 32% - 13:36
3 - 33% - 20% - 14:39
4 - 2% - 10% - 0:43
PP Forward
1 - 55% - 55% - 5:28
2 - 45% - 45% - 4:27
PP Defense
1 - 58% - 55% - 5:47
2 - 42% - 45% - 4:08
PK Forward
1 - 70% - 55% - 4:09
2 - 30% - 45% - 1:48
PK Defense
1 - 47% - 55% - 2:49
2 - 53% - 45% - 3:08
PK3 Forward
1 - 0% - 55%
2 - 0% - 45%
PK3 Defense
1 - 0% - 55%
2 - 0% - 45%
44 Forward
1 - 0% - 55%
2 - 0% - 45%
44 Defense
1 - 0% - 55%
2 - 0% - 45%
Last Minute Offensive  - 0:00
Last Minute Defensive  - 0:00
Total
Forward - 60:00
Defense - 60:00
% Time on Ice - RENO LIONS
Lines # - Real PCT - Wanted PCT - Time Play
Normal Forward
1 - 34% - 36% - 15:09
2 - 30% - 31% - 13:18
3 - 25% - 23% - 10:54
4 - 11% - 10% - 4:47
Normal Defense
1 - 39% - 36% - 17:02
2 - 33% - 34% - 14:46
3 - 27% - 24% - 11:57
4 - 1% - 6% - 0:23
PP Forward
1 - 60% - 55% - 3:33
2 - 40% - 45% - 2:24
PP Defense
1 - 57% - 55% - 3:25
2 - 43% - 45% - 2:32
PK Forward
1 - 66% - 55% - 6:34
2 - 34% - 45% - 3:21
PK Defense
1 - 62% - 55% - 6:09
2 - 38% - 45% - 3:46
PK3 Forward
1 - 0% - 55%
2 - 0% - 45%
PK3 Defense
1 - 0% - 55%
2 - 0% - 45%
44 Forward
1 - 0% - 55%
2 - 0% - 45%
44 Defense
1 - 0% - 55%
2 - 0% - 45%
Last Minute Offensive  - 0:00
Last Minute Defensive  - 0:00
Total
Forward - 60:00
Defense - 60:00
Play-by-Play 1st period 0:01 of 1st period - Elias Pettersson wins face-off versus Eetu Luostarinen in neutral zone. 0:19 of 1st period - Shot by Charles McAvoy. 0:19 of 1st period - Shot Blocked by Trevor van Riemsdyk. 0:45 of 1st period - Shot by Eetu Luostarinen. 0:45 of 1st period - Stopped by Stuart Skinner without a rebound. 0:46 of 1st period - Wyatt Johnston wins face-off versus Pierre-Luc Dubois in RENO LIONS zone. 0:58 of 1st period - Shot by Pierre-Luc Dubois. 0:58 of 1st period - Shot Misses the Net. 2:02 of 1st period - Radek Faksa is hit by Ethan Bear and loses puck. 2:17 of 1st period - Radek Faksa is hit by Dante Fabbro and loses puck. 2:49 of 1st period - Shot by Mark Kastelic. 2:49 of 1st period - Shot Misses the Net. 2:51 of 1st period - Shot by Erik Cernak. 2:51 of 1st period - Shot Misses the Net. 2:59 of 1st period - Shot by Joel Armia. 2:59 of 1st period - Stopped by Stuart Skinner with a rebound. 3:01 of 1st period - Shot by Steven Lorentz. 3:01 of 1st period - Shot Hit the Post. 3:31 of 1st period - Shot by Elias Pettersson. 3:31 of 1st period - Stopped by Connor Hellebuyck without a rebound. 3:32 of 1st period - Wyatt Johnston wins face-off versus Alex Steeves in SAN DIEGO THUNDER zone. 3:54 of 1st period - Adam Boqvist is hit by Anthony-John Greer and loses puck. 4:06 of 1st period - Wyatt Johnston is hit by Mattias Samuelsson and loses puck. 4:35 of 1st period - Dmitri Voronkov is hit by Kirill Kaprizov and loses puck. 4:42 of 1st period - Shot by Kirill Kaprizov. 4:42 of 1st period - Stopped by Connor Hellebuyck without a rebound. 4:43 of 1st period - Pierre-Luc Dubois wins face-off versus Eetu Luostarinen in SAN DIEGO THUNDER zone. 4:46 of 1st period - Shot by Max Domi. 4:46 of 1st period - Shot Misses the Net. 5:01 of 1st period - Shot by Drake Batherson. 5:01 of 1st period - Shot Blocked by Patrick Brown. 5:03 of 1st period - Shot by Eetu Luostarinen. 5:03 of 1st period - Shot Misses the Net. 5:05 of 1st period - Shot by Charles McAvoy. 5:05 of 1st period - Stopped by Stuart Skinner without a rebound. 5:06 of 1st period - Radek Faksa wins face-off versus Elias Pettersson in RENO LIONS zone. 5:11 of 1st period - Shot by Radek Faksa. 5:11 of 1st period - Stopped by Stuart Skinner with a rebound. 5:40 of 1st period - Shot by Connor Murphy. 5:40 of 1st period - Deflect By Isac Lundestrom. 5:40 of 1st period - Shot Blocked by Juuso Valimaki. 5:48 of 1st period - Shot by Elias Pettersson. 5:48 of 1st period - Goal by Elias Pettersson - SAN DIEGO THUNDER : 0 - RENO LIONS : 1. 5:49 of 1st period - Eetu Luostarinen wins face-off versus Pierre-Luc Dubois in neutral zone. 6:14 of 1st period - Shot by Pierre-Luc Dubois. 6:14 of 1st period - Stopped by Connor Hellebuyck without a rebound. 6:15 of 1st period - Alex Steeves wins face-off versus Steven Lorentz in SAN DIEGO THUNDER zone. 6:15 of 1st period - Alex Steeves is hit by Nicklaus Perbix. 6:20 of 1st period - Icing by Nicklaus Perbix. 6:21 of 1st period - Elias Pettersson wins face-off versus Mark Kastelic in SAN DIEGO THUNDER zone. 6:21 of 1st period - Kirill Kaprizov is hit by Adam Boqvist and loses puck. 6:41 of 1st period - Shot by Kirill Kaprizov. 6:41 of 1st period - Shot Misses the Net. 6:43 of 1st period - Shot by Ethan Bear. 6:43 of 1st period - Shot Misses the Net. 7:22 of 1st period - Off-side. 7:23 of 1st period - Pierre-Luc Dubois wins face-off versus Eetu Luostarinen in neutral zone. 7:28 of 1st period - Shot by Max Domi. 7:28 of 1st period - Stopped by Connor Hellebuyck without a rebound. 7:29 of 1st period - Patrick Brown wins face-off versus Drake Batherson in SAN DIEGO THUNDER zone. 7:42 of 1st period - Shot by Pierre-Luc Dubois. 7:42 of 1st period - Stopped by Connor Hellebuyck without a rebound. 7:43 of 1st period - Trent Frederic wins face-off versus Radek Faksa in SAN DIEGO THUNDER zone. 7:53 of 1st period - Radek Faksa is hit by Juuso Valimaki and loses puck. 7:57 of 1st period - Isac Lundestrom is hit by Mattias Samuelsson and loses puck. 8:02 of 1st period - Shot by Rasmus Asplund. 8:02 of 1st period - Shot Misses the Net. 9:04 of 1st period - Shot by Eetu Luostarinen. 9:04 of 1st period - Shot Misses the Net. 9:06 of 1st period - Shot by Erik Cernak. 9:06 of 1st period - Stopped by Stuart Skinner without a rebound. 9:07 of 1st period - Elias Pettersson wins face-off versus Wyatt Johnston in RENO LIONS zone. 9:47 of 1st period - Kirill Kaprizov is hit by Nicklaus Perbix and loses puck. 10:40 of 1st period - Shot by Drake Batherson. 10:40 of 1st period - Shot Misses the Net. 11:01 of 1st period - Eetu Luostarinen is hit by Juuso Valimaki and loses puck. 11:09 of 1st period - Minor Penalty to Rasmus Asplund for Slashing. 11:10 of 1st period - Pierre-Luc Dubois wins face-off versus Dmitri Voronkov in SAN DIEGO THUNDER zone. 11:13 of 1st period - Shot by Elias Pettersson. 11:13 of 1st period - Shot Misses the Net. 11:15 of 1st period - Shot by Elias Pettersson. 11:15 of 1st period - Stopped by Connor Hellebuyck without a rebound. 11:16 of 1st period - Dmitri Voronkov wins face-off versus Trent Frederic in SAN DIEGO THUNDER zone. 11:36 of 1st period - Isac Lundestrom is hit by Trent Frederic and loses puck. 12:12 of 1st period - Icing by Pierre-Luc Dubois. 12:13 of 1st period - Pierre-Luc Dubois wins face-off versus Dmitri Voronkov in RENO LIONS zone. 12:13 of 1st period - Pierre-Luc Dubois is hit by Dmitri Voronkov. 12:20 of 1st period - Derek Forbort is hit by Kirill Kaprizov and loses puck. 13:25 of 1st period - Eetu Luostarinen is hit by Ethan Bear and loses puck. 14:01 of 1st period - Icing by Dante Fabbro. 14:02 of 1st period - Mark Kastelic wins face-off versus Alex Steeves in RENO LIONS zone. 14:39 of 1st period - Shot by Steven Lorentz. 14:39 of 1st period - Shot Misses the Net. 15:16 of 1st period - Shot by Isac Lundestrom. 15:16 of 1st period - Shot Blocked by Trevor van Riemsdyk. 15:39 of 1st period - Shot by Eetu Luostarinen. 15:39 of 1st period - Stopped by Stuart Skinner without a rebound. 15:40 of 1st period - Dylan Strome wins face-off versus Wyatt Johnston in RENO LIONS zone. 15:45 of 1st period - Shot by Elias Pettersson. 15:45 of 1st period - Shot Misses the Net. 16:01 of 1st period - Shot by Elias Pettersson. 16:01 of 1st period - Shot Misses the Net. 16:03 of 1st period - Shot by Kirill Kaprizov. 16:03 of 1st period - Shot Misses the Net. 16:05 of 1st period - Shot by Dylan Strome. 16:05 of 1st period - Shot Misses the Net. 16:14 of 1st period - Shot by Elias Pettersson. 16:14 of 1st period - Stopped by Connor Hellebuyck without a rebound. 16:15 of 1st period - Trent Frederic wins face-off versus Eetu Luostarinen in SAN DIEGO THUNDER zone. 17:21 of 1st period - Off-side. 17:22 of 1st period - Elias Pettersson wins face-off versus Wyatt Johnston in neutral zone. 17:56 of 1st period - Shot by Dylan Strome. 17:56 of 1st period - Stopped by Connor Hellebuyck without a rebound. 17:57 of 1st period - Radek Faksa wins face-off versus Pierre-Luc Dubois in SAN DIEGO THUNDER zone. 18:03 of 1st period - Isac Lundestrom is hit by Brady Skjei. 18:05 of 1st period - Shot by Radek Faksa. 18:05 of 1st period - Stopped by Stuart Skinner with a rebound. 18:07 of 1st period - Shot by Connor Murphy. 18:07 of 1st period - Stopped by Stuart Skinner without a rebound. 18:08 of 1st period - Eetu Luostarinen wins face-off versus Alex Steeves in RENO LIONS zone. 18:08 of 1st period - Drake Batherson is hit by Brady Skjei and loses puck. 18:11 of 1st period - Shot by Drake Batherson. 18:11 of 1st period - Stopped by Stuart Skinner with a rebound. 18:13 of 1st period - Shot by Derek Forbort. 18:13 of 1st period - Stopped by Stuart Skinner without a rebound. 18:14 of 1st period - Radek Faksa wins face-off versus Elias Pettersson in RENO LIONS zone. 18:27 of 1st period - Shot by Radek Faksa. 18:27 of 1st period - Stopped by Stuart Skinner without a rebound. 18:28 of 1st period - Pierre-Luc Dubois wins face-off versus Wyatt Johnston in RENO LIONS zone. 18:32 of 1st period - Minor Penalty to Dmitri Voronkov for Tripping. 18:33 of 1st period - Eetu Luostarinen wins face-off versus Pierre-Luc Dubois in SAN DIEGO THUNDER zone. 19:06 of 1st period - Off-side. 19:07 of 1st period - Dylan Strome wins face-off versus Eetu Luostarinen in neutral zone. 19:42 of 1st period - Shot by Max Domi. 19:42 of 1st period - Stopped by Connor Hellebuyck without a rebound. 19:43 of 1st period - Pierre-Luc Dubois wins face-off versus Eetu Luostarinen in SAN DIEGO THUNDER zone. Goals for this period are 0 for SAN DIEGO THUNDER vs 1 for RENO LIONS. Shots for this period are 11 for SAN DIEGO THUNDER vs 10 for RENO LIONS. 2nd period 0:01 of 2nd period - Eetu Luostarinen wins face-off versus Pierre-Luc Dubois in neutral zone. 1:23 of 2nd period - Icing by Derek Forbort. 1:24 of 2nd period - Wyatt Johnston wins face-off versus Elias Pettersson in SAN DIEGO THUNDER zone. 1:51 of 2nd period - Shot by Dylan Strome. 1:51 of 2nd period - Stopped by Connor Hellebuyck without a rebound. 1:52 of 2nd period - Eetu Luostarinen wins face-off versus Pierre-Luc Dubois in SAN DIEGO THUNDER zone. 2:55 of 2nd period - Shot by Dmitri Voronkov. 2:55 of 2nd period - Shot Misses the Net. 3:09 of 2nd period - Shot by Wyatt Johnston. 3:09 of 2nd period - Shot Misses the Net. 3:18 of 2nd period - Dmitri Voronkov is hit by Mattias Samuelsson and loses puck. 3:28 of 2nd period - Minor Penalty to Mattias Samuelsson for Interference. 3:29 of 2nd period - Elias Pettersson wins face-off versus Wyatt Johnston in RENO LIONS zone. 3:41 of 2nd period - Trevor van Riemsdyk is hit by Filip Zadina. 4:26 of 2nd period - Shot by Dmitri Voronkov. 4:26 of 2nd period - Stopped by Stuart Skinner without a rebound. 4:27 of 2nd period - Elias Pettersson wins face-off versus Drake Batherson in RENO LIONS zone. 4:47 of 2nd period - Shot by Joel Farabee. 4:47 of 2nd period - Shot Misses the Net. 4:49 of 2nd period - Shot by Connor Murphy. 4:49 of 2nd period - Stopped by Stuart Skinner with a rebound. 4:51 of 2nd period - Shot by Joel Farabee. 4:51 of 2nd period - Stopped by Stuart Skinner without a rebound. 4:52 of 2nd period - Filip Zadina wins face-off versus Pierre-Luc Dubois in RENO LIONS zone. 5:15 of 2nd period - Shot by Charles McAvoy. 5:15 of 2nd period - Shot Misses the Net. 5:17 of 2nd period - Shot by Isac Lundestrom. 5:17 of 2nd period - Stopped by Stuart Skinner with a rebound. 5:19 of 2nd period - Shot by Charles McAvoy. 5:19 of 2nd period - Stopped by Stuart Skinner without a rebound. 5:20 of 2nd period - Drake Batherson wins face-off versus Elias Pettersson in RENO LIONS zone. 5:25 of 2nd period - Shot by Drake Batherson. 5:25 of 2nd period - Shot Blocked by Elias Pettersson. 5:47 of 2nd period - Shot by Joel Armia. 5:47 of 2nd period - Stopped by Stuart Skinner without a rebound. 5:48 of 2nd period - Radek Faksa wins face-off versus Kirill Kaprizov in RENO LIONS zone. 5:48 of 2nd period - Isac Lundestrom is hit by Dante Fabbro and loses puck. 5:59 of 2nd period - Shot by Isac Lundestrom. 5:59 of 2nd period - Shot Blocked by Dante Fabbro. 6:01 of 2nd period - Shot by Charles McAvoy. 6:01 of 2nd period - Shot Hit the Post. 6:03 of 2nd period - Shot by Charles McAvoy. 6:03 of 2nd period - Stopped by Stuart Skinner with a rebound. 6:20 of 2nd period - Radek Faksa is hit by Dante Fabbro and loses puck. 6:30 of 2nd period - Icing by Ethan Bear. 6:31 of 2nd period - Eetu Luostarinen wins face-off versus Elias Pettersson in RENO LIONS zone. 7:06 of 2nd period - Shot by Max Domi. 7:06 of 2nd period - Shot Misses the Net. 7:15 of 2nd period - Icing by Derek Forbort. 7:16 of 2nd period - Eetu Luostarinen wins face-off versus Trent Frederic in SAN DIEGO THUNDER zone. 7:23 of 2nd period - Shot by Joel Farabee. 7:23 of 2nd period - Shot Misses the Net. 7:41 of 2nd period - Shot by Nicholas Ritchie. 7:41 of 2nd period - Shot Misses the Net. 7:49 of 2nd period - Shot by Nicholas Ritchie. 7:49 of 2nd period - Shot Blocked by Nicklaus Perbix. 8:16 of 2nd period - Icing by Mattias Samuelsson. 8:17 of 2nd period - Radek Faksa wins face-off versus Trent Frederic in RENO LIONS zone. 9:13 of 2nd period - Erik Cernak is hit by Kirill Kaprizov and loses puck. 9:26 of 2nd period - Shot by Drake Batherson. 9:26 of 2nd period - Goal by Drake Batherson - SAN DIEGO THUNDER : 1 - RENO LIONS : 1. 9:27 of 2nd period - Pierre-Luc Dubois wins face-off versus Wyatt Johnston in neutral zone. 9:36 of 2nd period - Shot by Max Domi. 9:36 of 2nd period - Stopped by Connor Hellebuyck with a rebound. 9:39 of 2nd period - Icing by Connor Murphy. 9:40 of 2nd period - Elias Pettersson wins face-off versus Wyatt Johnston in SAN DIEGO THUNDER zone. 9:57 of 2nd period - Shot by Kirill Kaprizov. 9:57 of 2nd period - Shot Misses the Net. 10:03 of 2nd period - Shot by Wyatt Johnston. 10:03 of 2nd period - Stopped by Stuart Skinner without a rebound. 10:04 of 2nd period - Drake Batherson wins face-off versus Pierre-Luc Dubois in RENO LIONS zone. 10:07 of 2nd period - Shot by Joel Farabee. 10:07 of 2nd period - Deflect By Drake Batherson. 10:07 of 2nd period - Stopped by Stuart Skinner without a rebound. 10:08 of 2nd period - Pierre-Luc Dubois wins face-off versus Eetu Luostarinen in RENO LIONS zone. 10:13 of 2nd period - Shot by Max Domi. 10:13 of 2nd period - Stopped by Connor Hellebuyck without a rebound. 10:14 of 2nd period - Elias Pettersson wins face-off versus Eetu Luostarinen in SAN DIEGO THUNDER zone. 10:23 of 2nd period - Shot by Elias Pettersson. 10:23 of 2nd period - Stopped by Connor Hellebuyck with a rebound. 10:25 of 2nd period - Shot by Brady Skjei. 10:25 of 2nd period - Stopped by Connor Hellebuyck without a rebound. 10:26 of 2nd period - Pierre-Luc Dubois wins face-off versus Wyatt Johnston in SAN DIEGO THUNDER zone. 10:45 of 2nd period - Shot by Pierre-Luc Dubois. 10:45 of 2nd period - Stopped by Connor Hellebuyck with a rebound. 10:51 of 2nd period - Erik Cernak is hit by Patrick Brown and loses puck. 11:31 of 2nd period - Icing by Connor Murphy. 11:32 of 2nd period - Eetu Luostarinen wins face-off versus Elias Pettersson in SAN DIEGO THUNDER zone. 11:50 of 2nd period - Shot by Joel Farabee. 11:50 of 2nd period - Shot Misses the Net. 11:52 of 2nd period - Shot by Derek Forbort. 11:52 of 2nd period - Shot Misses the Net. 11:54 of 2nd period - Shot by Joel Farabee. 11:54 of 2nd period - Shot Misses the Net. 11:56 of 2nd period - Shot by Derek Forbort. 11:56 of 2nd period - Shot Misses the Net. 11:58 of 2nd period - Shot by Joel Farabee. 11:58 of 2nd period - Shot Misses the Net. 12:10 of 2nd period - Shot by Elias Pettersson. 12:10 of 2nd period - Stopped by Connor Hellebuyck without a rebound. 12:11 of 2nd period - Alex Steeves wins face-off versus Radek Faksa in SAN DIEGO THUNDER zone. 12:31 of 2nd period - Icing by Ethan Bear. 12:32 of 2nd period - Wyatt Johnston wins face-off versus Alex Steeves in RENO LIONS zone. 13:01 of 2nd period - Shot by Dmitri Voronkov. 13:01 of 2nd period - Stopped by Stuart Skinner with a rebound. 14:11 of 2nd period - Drake Batherson is hit by Juuso Valimaki and loses puck. 14:37 of 2nd period - Icing by Mattias Samuelsson. 14:38 of 2nd period - Pierre-Luc Dubois wins face-off versus Radek Faksa in RENO LIONS zone. 14:47 of 2nd period - Shot by Pierre-Luc Dubois. 14:47 of 2nd period - Stopped by Connor Hellebuyck without a rebound. 14:48 of 2nd period - Steven Lorentz wins face-off versus Trent Frederic in SAN DIEGO THUNDER zone. 15:06 of 2nd period - Steven Lorentz is hit by Ethan Bear and loses puck. 15:15 of 2nd period - Shot by Joel Armia. 15:15 of 2nd period - Shot Misses the Net. 15:17 of 2nd period - Shot by Derek Forbort. 15:17 of 2nd period - Stopped by Stuart Skinner without a rebound. 15:18 of 2nd period - Radek Faksa wins face-off versus Kirill Kaprizov in RENO LIONS zone. 15:26 of 2nd period - Kirill Kaprizov is hit by Erik Cernak and loses puck. 15:40 of 2nd period - Icing by Trevor van Riemsdyk. 15:41 of 2